AoeStats
← villersb

Arabia

507542426Analyzed
2v2 RM · 15d ago on Sep 18, 2026· 18m 20s· 4 players
Game mode
Random Map
Map size
Medium (4 player)
Population
200
Speed
Normal
Resources
Standard
Victory
Conquest
Starting age
Dark Age
Ending age
Imperial Age
RankedLock teamsTeams togetherTeam positionsShared explorationLock speedFull tech treeHidden civsTurbo modeCheats
Victory
Defeat
🇩🇪 Lithuanians · Germany
1604
+12
🇩🇪 Koreans · Germany
1536
+16
🇺🇸 Shu · United States
1518
-14
🇺🇸 Franks · United States
1517
-14
villersb
6:56 Loom
9:15 Feudal Age
10:04 Double-Bit Axe
15:25 Fletching
16:19 Padded Archer Armor
flem
6:25 Loom
9:40 Feudal Age
10:24 Double-Bit Axe
MyNameIsLassen
6:37 Loom
8:57 Feudal Age
14:54 Fletching
16:29 Double-Bit Axe
Vicky R
5:58 Loom
8:41 Feudal Age
9:21 Double-Bit Axe
9:17 Horse Collar
15:04 Scale Barding Armor
18:02 Wheelbarrow
Connection lost

Rejoining the realm…

Still unreachable

The connection could not be restored.

Session expired

The server has moved on; the page needs a fresh start.